 Dungeon Crawl Stone Soup version 0.29-a0-210-g9445043ebc (webtiles) character file.

Game seed: 16589724645631015962

8450 HotDog the Carver (level 11, -4/95 HPs)
             Began as a Minotaur Fighter on Feb 24, 2022.
             Was a Believer of the Shining One.
             Slain by Snorg (6 damage)
             ... on level 11 of the Dungeon.
             The game lasted 00:16:55 (12381 turns).

HotDog the Carver (Minotaur Fighter)               Turns: 12381, Time: 00:16:56

Health: -4/95      AC: 14    Str: 28    XL:     11   Next: 10%
Magic:  12/14      EV: 13    Int:  5    God:    the Shining One [**....]
Gold:   509        SH: 14    Dex: 11    Spells: 10/10 levels left

rFire   . . .      SeeInvis .   a - +0 long sword (venom)
rCold   . . .      Faith    .   c - +0 buckler
rNeg    + . .      Spirit   .   q - +6 ring mail of Zeitij Ihuk {Slay+2}
rPois   .          Reflect  .   (helmet restricted)
rElec   .          Harm     .   (no cloak)
rCorr   .          Rampage  .   f - +0 pair of gloves
Will    .....      Rage     1%  (no boots)
Stlth   ..........              (no amulet)
HPRegen 0.25/turn               i - ring of wizardry
MPRegen 0.14/turn               b - +6 ring of strength

@: mighty, divinely shielded, glowing
A: horns 2, retaliatory headbutt, hooves 1, berserk 1, weak 1, MP-powered wands
a: Renounce Religion, Divine Shield


You were on level 11 of the Dungeon.
You worshipped the Shining One.
The Shining One was pleased with you.
You visited 2 branches of the dungeon, and saw 12 of its levels.

You collected 509 gold pieces.

Inventory:

Hand Weapons
 a - a +0 long sword of venom (weapon)
Missiles
 m - 2 throwing nets (quivered)
Armour
 c - a +0 buckler (worn)
 f - a +0 pair of gloves (worn)
 l - a +0 plate armour
 q - the +6 ring mail of Zeitij Ihuk (worn) {Slay+2}
   (You found it on level 3 of the Dungeon)

   Slay:      It affects your accuracy & damage with ranged weapons and melee
   (+2).
Jewellery
 b - a +6 ring of strength (right hand)
 i - a ring of wizardry (left hand)
Wands
 u - a wand of acid (6)
Scrolls
 g - 2 scrolls of amnesia
 k - 3 scrolls of teleportation {unknown}
 o - 5 scrolls of identify
 p - 3 scrolls of enchant weapon {unknown}
 r - 2 scrolls of brand weapon
 t - a scroll of enchant armour {unknown}
Potions
 d - a potion of might
 h - a potion of berserk rage {unknown}
 j - a potion of ambrosia {unknown}
 s - 2 potions of lignification
 v - a potion of haste
 w - a potion of degeneration {unknown}
 x - 2 potions of resistance {unknown}


   Skills:
 * Level 8.5 Fighting
 * Level 13.0 Long Blades
 * Level 9.0 Armour
 * Level 6.2 Dodging
 * Level 7.4 Shields
 * Level 5.5 Invocations


You had 10 spell levels left.
You didn't know any spells.
Your spell library contained the following spells:

 Spells                   Type           Power      Damage    Failure   Level
 Pain                     Necr           0%         1d4       34%         1
 Corpse Rot               Necr/Air       0%         N/A       45%         2
 Poisonous Vapours        Pois/Air       0%         N/A       45%         2
 Static Discharge         Conj/Air       0%         N/A       45%         2
 Gell's Gravitas          Tloc           0%         N/A       69%         3
 Teleport Other           Tloc           0%         N/A       69%         3
 Dispel Undead            Necr           0%         3d6       97%         4
 Sticky Flame             Conj/Fire      0%         2d3       97%         4
 Agony                    Necr           0%         N/A       100%        5
 Excruciating Wounds      Necr           0%         N/A       100%        5
 Dispersal                Tloc           0%         N/A       100%        6


Dungeon Overview and Level Annotations

Branches:
Dungeon (11/15)            Temple (1/1) D:7             Orc (0/2) D:11
   Lair: D:8-11

Altars:
Ashenzari
Cheibriados
Dithmenos
Elyvilon
Fedhas
Gozag
Hepliaklqana
Nemelex Xobeh
Qazlal
Trog
Vehumet
Wu Jian
Xom
Zin
The Shining One

Shops:
D:3 =

Annotations:
D:7 3 runed translucent doors, fly's ghost, novice FoDe
D:11 Snorg


Innate Abilities, Weirdness & Mutations

You have a pair of horns on your head.
You reflexively headbutt those who attack you in melee.
You have large cloven feet.
You tend to lose your temper in combat.
You are weak. (Str -2)
You expend magic power (3 MP) to strengthen your wands.


Message History

Snorg completely misses you.
Your shield is strengthened by the Shining One's divine power.
Snorg misses you. Snorg claws you!
* * * LOW HITPOINT WARNING * * *
You block Snorg's attack. Snorg bites you!
The Shining One protects you from harm! You block Snorg's attack.
Snorg claws you!
* * * LOW HITPOINT WARNING * * *
You feel better. You block Snorg's attack. x3
You feel better. Snorg completely misses you. Snorg claws you!
* * * LOW HITPOINT WARNING * * *
You block Snorg's attack. x2; Snorg closely misses you.
Snorg claws you but does no damage.
You hit Snorg.
Snorg looks as sick as possible!
You kick Snorg.
Snorg is lightly wounded.
You block Snorg's attack. Snorg closely misses you. You block Snorg's attack.
You barely miss Snorg. You kick Snorg! You headbutt Snorg!
Snorg is moderately wounded.
Snorg barely misses you. Snorg closely misses you. You block Snorg's attack.
You slash Snorg!
Snorg looks as sick as possible!
You kick Snorg!
Snorg is heavily wounded.
You block Snorg's attack. Snorg barely misses you. You block Snorg's attack.
You slash Snorg!
Snorg looks as sick as possible!
Snorg is heavily wounded.
Snorg bites you.
* * * LOW HITPOINT WARNING * * *
Snorg misses you. You block Snorg's attack.
You slash Snorg!
Snorg is heavily wounded.
Snorg barely misses you. You block Snorg's attack. x2
You slash Snorg!
Snorg looks as sick as possible!
Snorg is severely wounded.
Snorg closely misses you. You block Snorg's attack. Snorg barely misses you.
You slice Snorg!!
Snorg looks as sick as possible!
You kick Snorg!
Snorg is almost dead.
You block Snorg's attack. Snorg claws you but does no damage. Snorg claws you!
* * * LOW HITPOINT WARNING * * *
Snorg barely misses you. You furiously retaliate!
You headbutt Snorg! Snorg claws you.
You die...

#.......#
#.......#
#.......#
#.......#
#....(..+
#.......#
#.......##
#........#
#####+##@#
#T#


oHo ..8.. ....... ......... 8....>....8 ............. You could see Snorg
(berserk, extremely poisoned), a manticore and 2 orcs.

Vanquished Creatures
  Pikel (D:5)
  A deep elf pyromancer (D:8)
  An unseen horror (D:8)
  Grinder (D:5)
  Prince Ribbit (D:5)
  A hornet (D:10)
  2 slime creatures
  A centaur simulacrum (D:10)
  Sigmund (D:4)
  A wyvern (D:4)
  8 yaks
  2 steam dragons
  2 vampire mosquitoes (D:8)
  Menkaure (D:4)
  2 acid dragons
  A water moccasin (D:6)
  Duvessa (D:5)
  3 orc warriors (D:11)
  An ice beast (D:4)
  A black bear (D:7)
  3 centaurs
  An ogre (D:7)
  3 kobold brigands (D:8)
  Blork the orc (D:5)
  5 bullfrogs
  5 scorpions
  A wyvern skeleton (D:7)
  A water moccasin skeleton (D:5)
  Dowan (D:5)
  12 killer bees
  4 wights (D:8)
  A jelly (D:5)
  4 centaur zombies
  An iron imp (D:4)
  3 bullfrog skeletons
  3 hounds
  8 orc priests
  A gnoll shaman (D:5)
  A centaur skeleton (D:6)
  An iguana (D:5)
  8 orc wizards
  A hound zombie (D:5)
  2 howler monkey zombies
  6 gnolls
  7 adders
  A white imp (D:5)
  An ufetubus (D:6)
  4 worms
  2 dart slugs
  33 orcs
  8 ball pythons
  7 endoplasms
  2 giant cockroaches
  7 goblins
  9 hobgoblins
  2 jackals (D:5)
  5 quokkas
  11 bats
  2 frilled lizards
  23 kobolds
  6 rats
240 creatures vanquished.

Vanquished Creatures (others)
  A ball python (D:4)
  A kobold (D:9)
  7 fungi (D:9)
  2 plants (D:9)
11 creatures vanquished.

Grand Total: 251 creatures vanquished

Notes
Turn   | Place    | Note
-------+----------+-------------------------------------------
     0 | D:1      | HotDog the Minotaur Fighter began the quest for the Orb.
     0 | D:1      | Reached XP level 1. HP: 19/19 MP: 0/0
   125 | D:1      | Reached XP level 2. HP: 27/27 MP: 1/1
   751 | D:2      | Reached XP level 3. HP: 33/33 MP: 2/2
   952 | D:2      | Reached skill level 3 in Long Blades
  1116 | D:2      | Gained mutation: You are weak. (Str -2) [potion of
                  | mutation]
  1116 | D:2      | Gained mutation: You expend magic power (3 MP) to
                  | strengthen your wands. [potion of mutation]
  1116 | D:2      | Gained mutation: You tend to lose your temper in combat.
                  | [potion of mutation]
  1116 | D:2      | Gained mutation: You have large cloven feet. [potion of
                  | mutation]
  1171 | D:2      | Noticed an eye of devastation
  1172 | D:2      | Found a faded altar of an unknown god.
  1176 | D:2      | Noticed a great orb of eyes
  1183 | D:2      | Noticed a golden eye
  1190 | D:2      | Noticed an eye of devastation
  1879 | D:3      | Reached XP level 4. HP: 40/40 MP: 3/3
  1880 | D:3      | Reached skill level 1 in Invocations
  1912 | D:3      | Reached skill level 1 in Dodging
  2214 | D:3      | Reached skill level 4 in Long Blades
  2214 | D:3      | Reached XP level 5. HP: 22/47 MP: 3/5
  2445 | D:3      | Found a stormy altar of Qazlal.
  2612 | D:3      | Identified the +6 ring mail of Zeitij Ihuk {Slay+2}
  2732 | D:3      | Found a blossoming altar of Fedhas.
  2802 | D:3      | Found Gusiffop's Jewellery Boutique.
  2968 | D:4      | Noticed a wyvern
  2976 | D:4      | Killed a wyvern
  2977 | D:4      | Reached skill level 5 in Long Blades
  2977 | D:4      | Reached skill level 5 in Armour
  2977 | D:4      | Reached XP level 6. HP: 27/53 MP: 6/6
  2980 | D:4      | Noticed an ice beast
  2988 | D:4      | Killed an ice beast
  3133 | D:4      | Found a hazy altar of Hepliaklqana.
  3139 | D:4      | Noticed Sigmund
  3147 | D:4      | Killed Sigmund
  3148 | D:4      | Reached skill level 6 in Long Blades
  3148 | D:4      | Reached XP level 7. HP: 56/60 MP: 7/7
  3189 | D:4      | Found a snail-covered altar of Cheibriados.
  3247 | D:4      | Found a sparkling altar of Nemelex Xobeh.
  3384 | D:4      | Noticed Menkaure
  3396 | D:4      | Killed Menkaure
  3397 | D:4      | Reached skill level 5 in Fighting
  3505 | D:4      | Found a white marble altar of Elyvilon.
  3544 | D:4      | Found a shimmering altar of Xom.
  3717 | D:5      | Entered Level 5 of the Dungeon
  3717 | D:5      | Noticed Prince Ribbit
  3727 | D:5      | Killed Prince Ribbit
  3728 | D:5      | Reached skill level 7 in Long Blades
  3728 | D:5      | Reached skill level 5 in Shields
  3728 | D:5      | Reached XP level 8. HP: 55/68 MP: 7/9
  3810 | D:5      | Noticed Duvessa
  3810 | D:5      | Noticed Dowan
  3815 | D:5      | Killed Dowan
  3824 | D:5      | Killed Duvessa
  4073 | D:5      | Reached skill level 8 in Long Blades
  4296 | D:5      | Found a broken altar of Ashenzari.
  4363 | D:5      | Noticed Pikel
  4381 | D:5      | Killed Pikel
  4382 | D:5      | Reached skill level 9 in Long Blades
  4572 | D:5      | Noticed Grinder
  4594 | D:5      | Reached XP level 9. HP: 57/75 MP: 10/10
  5511 | D:6      | Found a shadowy altar of Dithmenos.
  5801 | D:6      | Found a glowing silver altar of Zin.
  5984 | D:5      | Noticed Blork the orc
  5994 | D:5      | Killed Blork the orc
  5995 | D:5      | Reached skill level 10 in Long Blades
  6256 | D:5      | Killed Grinder
  6718 | D:7      | Found a runed translucent gate.
  6730 | D:7      | Found a runed translucent gate.
  6730 | D:7      | Found a runed translucent gate.
  6881 | D:7      | Found an opulent altar of Gozag.
  6884 | D:7      | Noticed fly's ghost (novice FoDe)
  7289 | D:7      | Reached skill level 5 in Dodging
  7547 | D:7      | Found a bloodstained altar of Trog.
  7608 | D:7      | Found a staircase to the Ecumenical Temple.
  7620 | Temple   | Entered the Ecumenical Temple
  7624 | Temple   | Reached skill level 11 in Long Blades
  7624 | Temple   | Reached XP level 10. HP: 79/86 MP: 12/12
  7631 | Temple   | Became a worshipper of the Shining One
  8610 | D:8      | Reached * piety under the Shining One
  8870 | D:8      | Noticed a deep elf pyromancer
  8879 | D:8      | Killed a deep elf pyromancer
  8880 | D:8      | Reached skill level 5 in Invocations
  9477 | D:9      | Reached skill level 12 in Long Blades
 11158 | D:9      | Found a radiant altar of Vehumet.
 11342 | D:10     | Entered Level 10 of the Dungeon
 11355 | D:10     | Noticed a death knight
 11358 | D:10     | Noticed a manticore
 11376 | D:10     | HP: 1/88 [barbs]
 12225 | D:10     | Noticed a centaur warrior
 12228 | D:10     | Reached XP level 11. HP: 84/95 MP: 14/14
 12228 | D:10     | Noticed a five-headed hydra
 12228 | D:10     | Reached ** piety under the Shining One
 12347 | D:11     | Found a staircase to the Orcish Mines.
 12350 | D:11     | Noticed Snorg
 12366 | D:11     | Reached skill level 13 in Long Blades
 12372 | D:11     | The Shining One protects you from harm!
 12372 | D:11     | HP: 1/95 [Snorg (8)]
 12381 | D:11     | HP: 2/95 [Snorg (8)]
 12381 | D:11     | Slain by Snorg

Illustrated notes

Levels and vault maps discovered:
D:1:      psy_arrival_terrarium, layout_loops_ring
D:2:      layout_basic, hellmonk_ecumenical_altar_watching_god
D:3:      layout_rooms, mainiacjoe_overflow_alcove_1,
          mainiacjoe_overflow_alcove_2, serial_shops, nicolae_lakefront_shop,
          nrook_campfire
D:4:      layout_basic, mainiacjoe_overflow_brackets, nemelex_altar_shiori,
          slow_altar_2, mainiacjoe_overflow_cross_hatched, elyvilon_altar_4,
          serial_park_tiny_pond, uniq_menkaure, uniq_sigmund
D:5:      layout_layer_cave, marbit_many_paths, uniq_duvessa,
          uniq_prince_ribbit1, uniq_blork_the_orc, uniq_pikel, uniq_grinder
D:6:      layout_cave_pools, grunt_dithmenos_smoke_and_mirrors,
          general_overflow_altar
D:7:      layout_basic, mainiacjoe_overflow_paths, minmay_temple_entry_wispy,
          ebering_ghost_gozag
D:8:      layout_rooms, guppyfry_early_elven_hall
D:9:      old_forge, layout_long_grid, mainiacjoe_overflow_six_doors_small,
          grunt_lair_entry_orc_guard_hut
D:10:     minmay_the_grid_octo_2x2 [minmay_the_grid_octo_fat_diamond,
          minmay_the_grid_octo_empty, minmay_the_grid_octo_77,
          minmay_the_grid_octo_prize_star], layout_loops_cross
D:11:     layout_roguey, david_orc_2, uniq_snorg
Temple:   dpeg_chambers_temple

Skill      XL: |  1  2  3  4  5  6  7  8  9 10 11 |
---------------+----------------------------------+-----
Shields        | 4 5 6 7 |  7.4
Fighting       | 4 5 7 8 |  8.5
Long Blades    | 3 4 5 6 7 9 11 12 13 | 13.0
Armour         | 4 5 6 7 8 9 |  9.0
Invocations    | 1 2 3 4 5 |  5.5
Dodging        | 1 2 3 5 6 |  6.2

Action                   |  1- 3 |  4- 6 |  7- 9 | 10-12 || total
-------------------------+-------+-------+-------+-------++-------
Melee: Long sword        |   104 |    80 |   240 |   226 ||   650
       Headbutt          |    12 |    12 |    55 |    58 ||   137
       Kick              |     6 |    27 |    99 |   101 ||   233
Throw: Throwing net      |       |       |       |     1 ||     1
Invok: Divine Shield     |       |       |       |     1 ||     1
  Use: Scroll            |     3 |     3 |       |       ||     6
       Potion            |     3 |     1 |       |     7 ||    11
Armor: Scale mail        |    22 |       |       |       ||    22
       Chain mail        |    26 |    25 |       |       ||    51
       Ring mail         |       |    10 |   116 |   111 ||   237
Dodge: Dodged            |    44 |    36 |   131 |   140 ||   351
Block: Buckler           |    27 |    19 |    53 |    72 ||   171

Table legend: (Time is in decaauts)
 A = Elapsed time spent in this place.
 B = Non-inter-level travel time spent in this place.
 C = Inter-level travel time spent in this place.
 D = Time resting spent in this place.
 E = Time spent auto-exploring this place.
 F = Levels seen in this place.
 G = Mean time per level.
                   A        B        C        D        E       F      G
               +--------+--------+--------+--------+--------+-----+--------+
         Total |  12443 |  11811 |    632 |   2997 |   7241 |  12 | 1036.9 |
       Dungeon |  12424 |  11792 |    632 |   2997 |   7241 |  11 | 1129.5 |
        Temple |     19 |     19 |      0 |      0 |      0 |   1 |   19.0 |
               +--------+--------+--------+--------+--------+-----+--------+

Top non-repeatable levels by time:
     D:8: 2058 daAuts
     D:5: 1704 daAuts
     D:7: 1595 daAuts
     D:6: 1343 daAuts
     D:9: 1281 daAuts
     D:2: 1129 daAuts
     D:3: 1071 daAuts
     D:4: 945 daAuts
     D:1: 757 daAuts
    D:10: 409 daAuts
    D:11: 128 daAuts
  Temple: 19 daAuts
